 Dungeon Crawl Stone Soup version 0.18-a0-1426-g3b9a63c (webtiles) character file.

315 chei the Covered (level 6, -3/57 HPs)
             Began as a Naga Fighter on Feb 27, 2016.
             Was an Initiate of Okawaru.
             Slain by an ogre
             ... wielding a +0 giant spiked club
              (9 damage)
             ... on level 3 of the Dungeon.
             The game lasted 00:04:38 (2600 turns).

chei the Covered (Naga Fighter)                     Turns: 2600, Time: 00:04:38

Health: -3/57      AC:  6    Str: 18    XL:     6   Next: 43%
Magic:  8/8        EV:  8    Int: 10    God:    Okawaru [......]
Gold:   67         SH:  9    Dex: 11    Spells: 0 memorised, 8 levels left

rFire  . . .     SeeInvis +     a - +1 long sword
rCold  . . .     Gourm    .     b - +0 scale mail
rNeg   . . .     Faith    .     c - +0 shield
rPois  +         Spirit   .     (no helmet)
rElec  .         Dismiss  .     (no cloak)
rCorr  .         Reflect  .     (no gloves)
SustAt .         Harm     .     (no barding)
MR     .....                    (no amulet)
Stlth  +.........               (no ring)
                                m - +3 ring of evasion

@: very slow, not resistant to hostile enchantments, very unstealthy
A: see invisible, deformed body, poison resistance, slowness 2, slow metabolism
1, spit poison 2, AC +2
a: Spit Poison, Renounce Religion


You were on level 3 of the Dungeon.
You worshipped Okawaru.
Okawaru was noncommittal.
You were not hungry.

You visited 1 branch of the dungeon, and saw 3 of its levels.

You collected 67 gold pieces.

Inventory:

Hand Weapons
 a - a +1 long sword (weapon)
Armour
 b - a +0 scale mail (worn)
 c - a +0 shield (worn)
Jewellery
 m - a +3 ring of evasion (left hand)
Potions
 d - a potion of berserk rage {unknown}
 e - a potion of lignification {unknown}
 i - a potion of flight
 l - 2 potions of curing
 p - a potion of might
Books
 k - a book of Transfigurations

   Spells                             Type                      Level
   a - Irradiate                      Conjuration/Transmutation    5
   b - Statue Form                    Transmutation/Earth          6
   c - Hydra Form                     Transmutation                6
   d - Dragon Form                    Transmutation                7
Comestibles
 f - 3 bread rations
 g - a slice of pizza
 h - a royal jelly
 j - a meat ration


   Skills:
 + Level 3.7 Fighting
 * Level 2.6 Long Blades
 + Level 3.8 Armour
 + Level 1.1 Dodging
 * Level 3.2 Stealth
 + Level 3.0 Shields
 - Level 1.6 Spellcasting


You had 8 spell levels left.
You didn't know any spells.

Dungeon Overview and Level Annotations

Branches:
Dungeon (3/15)

Altars:
Okawaru


Innate Abilities, Weirdness & Mutations

You cannot wear boots.
Your serpentine skin is tough (AC +2).
You have supernaturally acute eyesight.
Armour fits poorly on your strangely shaped body.
Your system is resistant to poisons.
You cover ground very slowly.
You have a slow metabolism.
You can spit poison.


Message History

You barely miss the ogre.
The ogre is heavily wounded.
You block the ogre's attack. The rat bites you but does no damage.
Unknown command.
Your shield and scale mail prevent you from hitting the ogre.
The ogre is heavily wounded.
The ogre closely misses you. You block the rat's attack. x2
Unknown command.
Unknown command.
Your scale mail prevents you from hitting the ogre.
The ogre is heavily wounded.
The ogre hits you with a giant spiked club!
* * * LOW HITPOINT WARNING * * *
The rat bites you but does no damage.
Unknown command.
Unknown command.
You hit the ogre.
The ogre is severely wounded.
The ogre hits you with a giant spiked club!
You die...

#.........##...
#.........#....
#..............
#...[.......#..
#.$........#...
##.....................#
#.......rO..#..........##
........@..##....>.......
...>.......##..........##
.......................##
###.....#(.#.........###
####..................
####..##......†.......
##..........#####.#####
##.........†..####.####.
#........†.....#......#.


You could see an ogre and a rat.

Vanquished Creatures
  Sigmund (D:2)
  Ijyb (D:2)
  A gnoll (D:2)
  7 adders
  2 oozes
  A dart slug (D:1)
  A ball python (D:2)
  A giant cockroach (D:2)
  6 goblins
  6 hobgoblins
  A quokka (D:3)
  8 bats
  4 giant newts
  11 kobolds
  8 rats
59 creatures vanquished.

Notes
Turn   | Place    | Note
--------------------------------------------------------------
     0 | D:1      | chei the Naga Fighter began the quest for the Orb.
     0 | D:1      | Reached XP level 1. HP: 21/21 MP: 1/1
   338 | D:1      | Reached XP level 2. HP: 22/28 MP: 2/2
  1054 | D:2      | Reached XP level 3. HP: 26/34 MP: 4/4
  1256 | D:2      | Reached skill level 1 in Stealth
  1256 | D:2      | Reached skill level 1 in Spellcasting
  1400 | D:2      | Noticed Ijyb
  1431 | D:2      | Killed Ijyb
  1431 | D:2      | Reached XP level 4. HP: 16/42 MP: 5/5
  1591 | D:2      | Noticed Sigmund
  1613 | D:2      | Killed Sigmund
  1613 | D:2      | Reached XP level 5. HP: 26/49 MP: 5/7
  1613 | D:2      | Reached XP level 6. HP: 29/56 MP: 5/8
  2319 | D:2      | Found an iron altar of Okawaru.
  2417 | D:2      | Became a worshipper of Warmaster Okawaru
  2535 | D:3      | Reached skill level 1 in Dodging
  2600 | D:3      | Slain by an ogre

Vault maps used:
D:1:      ncdulo_halloftheorcs
D:2:      okawaru_altar_gauntlet_db, wad_floor_pattern_untrapped, uniq_iyjb,
          uniq_sigmund
D:3:      first_bread

Skill      XL: |  1  2  3  4  5  6 |
---------------+-------------------+-----
Stealth        | 1 2 3 |  3.2
Spellcasting   | 1 |  1.6
Armour         | 3 |  3.8
Shields        | 3 |  3.0
Dodging        | 1 |  1.1
Fighting       | |  3.7
Long Blades    | |  2.6

Action                   |  1- 3 |  4- 6 || total
-------------------------+-------+-------++-------
Melee: Long sword        |   131 |   201 ||   332
  Use: Scroll            |     6 |     2 ||     8
       Potion            |       |     2 ||     2
  Eat: Chunk             |       |     4 ||     4
